Map: Orbital Shipyard

Players

MoonLjth - Winner!

  • Race: Protoss Protoss
  • League: Platinum

iQuitBYE - Winner!

  • Race: Protoss Protoss
  • League: Grandmaster

Polybius

  • Race: Terran Terran
  • League: Silver

ThanksObama

  • Race: Terran Terran
  • League: Grandmaster

VOD

Have the link to the VOD?

Description

Time

  • Played on: Oct. 2, 2015, 5:55 p.m.
  • Length: 6:51
Show
View Real Time Build Order
Export as new Build Order

MoonLjth Protoss - Winner!

Build Orders: 1 Gate Expand, Double Forge 

Get SALT Encoding   

  12  0:02  Probe (Chrono Boost)  
  13  0:14  Pylon  
  13  0:19  Probe (Chrono Boost)  
  14  0:29  Probe (Chrono Boost)  
  15  0:36  Gateway  
  15  0:40  Probe (Chrono Boost)  
  16  0:50  Probe (Chrono Boost)  
  16  0:51  Assimilator  
  17  1:01  Probe (Chrono Boost)  
  18  1:11  Probe (Chrono Boost)  
  19  1:29  Nexus  
  19  1:30  Probe (Chrono Boost)  
  20  1:44  Cybernetics Core  
  20  1:48  Probe (Chrono Boost)  
  21  1:58  Pylon  
  21  1:59  Probe (Chrono Boost)  
  22  2:10  Probe (Chrono Boost)  
  22  2:12  Assimilator  
  23  2:21  Mothership Core (Chrono Boost)  
  25  2:24  Warp Gate  
  25  2:38  Pylon  
  25  2:39  Probe (Chrono Boost)  
  25  2:43  Probe (Chrono Boost)  
  27  2:50  Probe (Chrono Boost)  
  28  2:52  Robotics Facility  
  28  2:53  Probe (Chrono Boost)  
  29  3:00  Probe (Chrono Boost)  
  29  3:01  Adept  
  29  3:04  Probe (Chrono Boost)  
  33  3:11  Probe (Chrono Boost)  
  34  3:14  Probe (Chrono Boost)  
  35  3:21  Probe (Chrono Boost)  
  35  3:25  Twilight Council  
  37  3:27  Probe (Chrono Boost)  
  37  3:32  Probe (Chrono Boost)  
  38  3:35  Gateway  
  38  3:39  Warp Prism (Chrono Boost)  
  38  3:40  Adept (Chrono Boost)  
  42  3:43  Probe x2  
  44  3:52  Pylon  
  44  3:53  Resonating Glaives (Chrono Boost)  
  44  3:55  Probe (Chrono Boost)  
  45  4:05  Probe (Chrono Boost)  
  45  4:07  Probe (Chrono Boost)  
  47  4:13  Assimilator  
  47  4:14  Observer  
  47  4:17  Probe (Chrono Boost), Pylon  
  49  4:18  Probe (Chrono Boost)  
  50  4:28  Probe (Chrono Boost), Forge x2  
  50  4:29  Probe (Chrono Boost)  
  52  4:32  Adept  
  54  4:39  Probe (Chrono Boost)  
  54  4:42  Probe (Chrono Boost), Observer  
  57  4:48  Pylon  
  57  4:49  Adept  
  57  4:50  Probe (Chrono Boost)  
  60  4:54  Probe (Chrono Boost), Adept  
  63  5:00  Probe (Chrono Boost)  
  63  5:01  Protoss Ground Weapons Level 1 (Chrono Boost)  
  63  5:03  Assimilator  
  63  5:05  Probe, Protoss Ground Armor Level 1 (Chrono Boost)  
  65  5:11  Probe  
  66  5:17  Probe  
  67  5:22  Adept x2  
  67  5:23  Probe  
  72  5:29  Probe, Gateway  
  72  5:31  Gateway  
  72  5:33  Gateway  
  73  5:36  Probe  
  73  5:41  Probe  
  75  5:48  Probe  
  75  5:49  Adept x2  
  78  5:53  Probe  
  75  6:00  Probe  
  74  6:05  Probe  
  75  6:12  Probe  
  75  6:14  Adept  
  78  6:29  Nexus  
  78  6:30  Pylon  
  78  6:32  Pylon  
  78  6:34  Pylon  
  78  6:35  Pylon, Photon Cannon  
  78  6:37  Probe x2  
  78  6:38  Pylon, Photon Cannon  
Show
View Real Time Build Order
Export as new Build Order

iQuitBYE Protoss - Winner!

Build Orders:  

Get SALT Encoding   

  12  0:01  SCV  
  13  0:13  SCV  
  14  0:18  Supply Depot  
  14  0:25  SCV  
  15  0:39  SCV  
  15  0:42  Barracks  
  16  0:45  Refinery  
  16  0:52  SCV  
  17  1:13  SCV  
  18  1:32  Marine  
  20  1:35  Orbital Command  
  18  1:45  Command Center  
  18  1:51  Marine  
  19  2:02  SCV  
  19  2:04  Factory  
  20  2:09  Marine  
  21  2:17  Supply Depot  
  21  2:21  SCV  
  22  2:27  Marine  
  23  2:39  SCV  
  23  2:40  Barracks  
  24  2:46  Marine  
  25  2:51  Starport  
  25  2:54  Factory Reactor  
  25  2:55  SCV  
  26  3:01  Refinery  
  26  3:04  SCV  
  27  3:08  SCV  
  27  3:10  Marine  
  29  3:18  Orbital Command  
  29  3:24  SCV  
  30  3:30  Marine x2  
  32  3:37  SCV  
  32  3:38  Medivac  
  35  3:46  Factory Tech Lab  
  35  3:48  Barracks Tech Lab  
  35  3:49  Marine  
  35  3:50  SCV  
  37  3:56  Refinery x2  
  37  3:58  SCV  
  38  4:03  Medivac  
  38  4:05  SCV  
  41  4:10  SCV, Marine  
  41  4:17  Stimpack  
  43  4:18  SCV  
  43  4:22  SCV  
  45  4:24  Factory Reactor  
  45  4:30  SCV  
  46  4:36  Supply Depot  
  46  4:38  Supply Depot  
  46  4:45  Supply Depot  
  46  4:52  Marine  
  46  4:57  SCV x2, Medivac x2, Marine  
  53  5:09  SCV  
  53  5:10  SCV  
  53  5:12  Barracks  
  53  5:16  Marine x2  
  53  5:19  Widow Mine  
  55  5:22  SCV  
  51  5:28  SCV  
  51  5:34  SCV  
  48  5:41  SCV  
  41  5:46  SCV  
  41  5:49  Marine  
  33  6:01  Marine  
  33  6:03  Marine  
  21  6:20  SCV x2  
  18  6:47  Factory Tech Lab  
Show
View Real Time Build Order
Export as new Build Order

Polybius Terran 

Build Orders:  

Get SALT Encoding   

Show
View Real Time Build Order
Export as new Build Order

ThanksObama Terran 

Build Orders:  

Get SALT Encoding   

Tags
 
Add a new tag
Caveats
  • Supply blocks, unpowered buildings, or Contaminate may cause inaccurate times.
  • Supply counts are checked every 10 seconds.